AoeStats
← Yuhor28

Arena

508691948Analyzed
3v3 RM · 7d ago on Sep 23, 2026· 60m 41s· 6 players
Game mode
Random Map
Map size
Normal (6 player)
Population
200
Speed
Normal
Resources
Standard
Victory
Conquest
Starting age
Dark Age
Ending age
Imperial Age
RankedLock teamsTeams togetherTeam positionsShared explorationLock speedFull tech treeHidden civsTurbo modeCheats
Victory
Defeat
🇨🇱 Vietnamese · Chile
727
+18
🇺🇸 Berbers · United States
720
+18
🇲🇽 Lithuanians · Mexico
707
+18
🇹🇷 Byzantines · Türkiye
788
-19
🇨🇴 Franks · Colombia
753
-18
🇹🇷 Huns · Türkiye
740
-17
zenze1
11:42 Feudal Age
19:57 Wheelbarrow
19:11 Double-Bit Axe
20:51 Gold Mining
20:54 Stone Mining
23:10 Castle Age
21:24 Forging
21:19 Scale Mail Armor
23:09 Scale Barding Armor
24:03 Padded Archer Armor
23:54 Fletching
28:31 Husbandry
27:55 Light Cavalry
28:52 Chain Mail Armor
29:13 Iron Casting
28:59 Chain Barding Armor
28:56 Leather Archer Armor
32:17 Elite Skirmisher
32:18 Crossbowman
33:14 Bodkin Arrow
41:54 Imperial Age
40:17 Ballistics
39:38 Treadmill Crane
43:07 Plate Mail Armor
43:37 Blast Furnace
45:20 Conscription
45:34 Cavalier
49:34 Onager
51:44 Chemistry
51:42 Paladin
51:58 Cranequins
54:50 Heavy Scorpion
Yuhor28
14:26 Feudal Age
19:00 Castle Age
29:07 Imperial Age
28:35 Scale Barding Armor
28:21 Fletching
28:32 Padded Archer Armor
29:44 Chain Barding Armor
31:05 Ballistics
30:51 Bodkin Arrow
32:04 Bracer
45:35 Plate Barding Armor
53:06 Scale Mail Armor
53:18 Forging
55:29 Chain Mail Armor
55:24 Forging
55:59 Pikeman
56:36 Halberdier
57:04 Gambesons
57:21 Squires
57:07 Arson
mag8044
0:27 Loom
10:41 Feudal Age
17:13 Castle Age
15:09 Horse Collar
15:48 Double-Bit Axe
16:11 Stone Mining
16:36 Gold Mining
24:48 Heavy Plow
25:40 Bow Saw
26:16 Gold Shaft Mining
27:34 Wheelbarrow
26:44 Town Watch
27:42 Town Patrol
32:02 Imperial Age
30:33 Hand Cart
31:54 Scale Mail Armor
32:02 Scale Barding Armor
31:58 Padded Archer Armor
31:49 Fletching
32:10 Forging
32:03 Marauders
32:48 Ballistics
32:29 Elite Tarkan
33:56 Leather Archer Armor
34:02 Chain Barding Armor
34:52 Two-Man Saw
34:18 Husbandry
34:28 Bloodlines
43:32 Thumb Ring
44:33 Chemistry
47:35 Plate Barding Armor
47:36 Iron Casting
48:21 Parthian Tactics
48:51 Heavy Cavalry Archer
Alyosha
11:25 Feudal Age
16:41 Castle Age
15:46 Double-Bit Axe
17:53 Horse Collar
22:38 Forging
22:53 Pikeman
25:15 Heavy Plow
27:35 Wheelbarrow
29:23 Bow Saw
33:29 Imperial Age
31:02 Gold Mining
35:58 Conscription
36:12 Hand Cart
35:44 Town Watch
35:45 Loom
40:16 Town Patrol
40:02 Loom
46:21 Loom
46:36 Town Patrol
47:08 Stone Mining
50:13 Stone Shaft Mining
49:59 Squires
54:06 Iron Casting
53:32 Scale Mail Armor
55:32 Caravan
57:32 Conscription
57:49 Hoardings
58:26 Blast Furnace
57:42 Chain Mail Armor
58:59 Chemistry
58:20 Ballistics
57:51 Heated Shot
59:21 Masonry
58:52 Treadmill Crane
anzolablan
12:30 Feudal Age
18:01 Castle Age
16:51 Double-Bit Axe
16:59 Gold Mining
17:22 Stone Mining
20:54 Loom
21:45 Wheelbarrow
21:46 Fervor
25:51 Bloodlines
25:41 Husbandry
27:00 Treadmill Crane
27:41 Ballistics
27:17 Murder Holes
32:17 Hand Cart
32:39 Scale Mail Armor
32:47 Scale Barding Armor
35:40 Redemption
35:21 Horse Collar
38:14 Heavy Plow
42:39 Stone Shaft Mining
43:11 Forging
43:29 Chain Barding Armor
43:56 Pikeman
44:36 Squires
44:22 Arson
45:34 Iron Casting
49:07 Imperial Age
47:13 Scale Mail Armor
51:22 Conscription
50:23 Elite Leitis
51:26 Chain Mail Armor
51:47 Plate Barding Armor
52:42 Hoardings
51:51 Halberdier
56:13 Fortified Wall
59:17 Capped Ram
PerdiendoConCan
2:34 Loom
10:45 Feudal Age
14:33 Castle Age
13:01 Double-Bit Axe
15:57 Bow Saw
23:05 Horse Collar
29:05 Imperial Age
26:23 Loom
27:13 Wheelbarrow
26:23 Town Watch
27:36 Heavy Plow
27:27 Gold Mining
27:27 Stone Mining
28:53 Hand Cart
28:38 Town Patrol
28:03 Pikeman
28:43 Squires
28:28 Arson
31:13 Chemistry
30:03 Halberdier
30:45 Elite Skirmisher
31:49 Forging
32:52 Two-Man Saw
33:06 Fletching
33:52 Iron Casting
33:28 Imperial Skirmisher
39:05 Paper Money
40:29 Bodkin Arrow
40:34 Padded Archer Armor
40:35 Scale Mail Armor
48:13 Chain Mail Armor
48:00 Bracer
48:15 Leather Archer Armor
58:43 Plate Mail Armor
58:46 Ring Archer Armor
59:12 Elite Battle Elephant
60:03 Bloodlines
59:53 Husbandry
61:09 Scale Barding Armor
Connection lost

Rejoining the realm…

Still unreachable

The connection could not be restored.

Session expired

The server has moved on; the page needs a fresh start.